 Dungeon Crawl Stone Soup version 0.21-a0-401-g0b6bec4 (webtiles) character file.

489 Mitsuki the Ruffian (level 7, 0/61 HPs)
             Began as a Ghoul Monk on Oct 22, 2017.
             Was a Believer of Ashenzari.
             Slain by an ogre
             ... wielding a +0 giant club
              (21 damage)
             ... on level 5 of the Dungeon.
             The game lasted 00:11:57 (4740 turns).

Mitsuki the Ruffian (Ghoul Monk)                    Turns: 4740, Time: 00:11:57

Health: 0/61       AC: 11    Str: 17    XL:     7   Next: 14%
Magic:  6/6        EV:  8    Int:  5    God:    Ashenzari [**....]
Gold:   125        SH:  0    Dex: 11    Spells: 6/6 levels left

rFire    . . .     SeeInvis .     - Unarmed
rCold    + . .     Gourm    .   (no shield)
rNeg     + + +     Faith    .   t - +0 chain mail
rPois    ∞         Spirit   .   (no helmet)
rElec    .         Reflect  .   o - +0 cloak
rCorr    .         Harm     .   (no gloves)
MR       +....                  d - +0 pair of boots
Stlth    ..........             (no amulet)
HPRegen  0.00/turn              u - ring of protection from magic (curse)
MPRegen  0.10/turn              (no ring)

@: rotting
A: rotting body, claws 1, carnivore 3, cold resistance 1, negative energy
resistance 3, inhibited regeneration, torment resistance, unbreathing
a: Curse Item, Scrying, Renounce Religion


You were on level 5 of the Dungeon.
You worshipped Ashenzari.
Ashenzari was pleased with you.
You were not hungry.

You visited 2 branches of the dungeon, and saw 6 of its levels.

You collected 125 gold pieces.

Inventory:

Armour
 d - a +0 pair of boots (worn)
 o - a +0 cloak (worn)
 t - a +0 chain mail (worn)
 v - a +0 pair of gloves
Magical Staves
 x - an uncursed staff of air
Jewellery
 u - a cursed ring of protection from magic (left claw)
Scrolls
 c - 2 scrolls of enchant armour {unknown}
 e - 11 scrolls of identify {unknown}
 g - a scroll of immolation {unknown}
 h - a scroll of fear {unknown}
 j - 4 scrolls of teleportation {unknown}
 l - a scroll of amnesia {unknown}
 m - 4 scrolls of blinking {unknown}
 n - 3 scrolls of remove curse
 q - 2 scrolls of enchant weapon {unknown}
 r - 2 scrolls of noise {unknown}
 y - a scroll of fog {unknown}
Potions
 a - a potion of cancellation {unknown}
 b - 3 potions of brilliance {unknown}
 f - a potion of curing {unknown}
 i - a potion of degeneration {unknown}
 k - a potion of resistance {unknown}
 p - a potion of agility {unknown}
 s - a potion of lignification {unknown}


   Skills:
 + Level 5.1 Fighting
 + Level 2.8 Armour
 + Level 4.2 Dodging
 - Level 2.1 Stealth
 + Level 5.2 Unarmed Combat


You had 6 spell levels left.
You didn't know any spells.

Dungeon Overview and Level Annotations

Branches:
Dungeon (5/15)             Temple (1/1) D:4

Altars:
Ashenzari
Cheibriados
Elyvilon
Gozag
Kikubaaqudgha
Makhleb
Okawaru
Sif Muna
Trog
Uskayaw
Vehumet
Yredelemnul
The Shining One


Innate Abilities, Weirdness & Mutations

Your body is rotting away.
You thrive on raw meat.
You are immune to poison.
You have sharp fingernails.
You are carnivorous and can eat meat at any time.
Your flesh is cold resistant. (rC+)
You are immune to negative energy. (rN+++)
You do not regenerate when monsters are visible.
You are immune to unholy pain and torment.
You can survive without breathing.


Message History

The ogre is moderately wounded.
You scratch the ogre.
The ogre is moderately wounded.
The ogre hits you with a giant club.
You take 2 damage, and have 40/61 hp.
You scratch the ogre.
The ogre is heavily wounded.
The ogre hits you with a giant club!!
You take 19 damage, and have 21/61 hp.
MASSIVE DAMAGE!!
You are too injured to fight recklessly!
You are too injured to fight recklessly!
You closely miss the ogre.
The ogre is heavily wounded.
You scratch the ogre.
The ogre is heavily wounded.
The ogre closely misses you.
Your chain mail prevents you from hitting the ogre.
The ogre is heavily wounded.
The ogre hits you with a giant club!!
You die...

##### ##...## ,
#.....#######*
, #......@O...#
, **
#.....####.....
##...## *{ ...
##.## **, . *
#.# *, * #.# *
##.## * * #...#
+*, #...# *


You could see an ogre.

Vanquished Creatures
  The ghost of Xeas the Vexing, an amateur SpEn (D:3)
  A scorpion (D:4)
  An orc wizard (D:3)
  Jessica (D:2)
  An iguana (D:4)
  3 worker ants (D:4)
  3 hound skeletons
  5 gnolls (D:4)
  6 adders
  2 worms (D:2)
  2 dart slugs (D:1)
  4 leopard geckos
  7 orcs
  5 giant cockroaches
  7 goblins
  5 hobgoblins
  A jackal (D:1)
  5 bats
  2 frilled lizards
  9 kobolds
  8 rats
79 creatures vanquished.

Notes
Turn   | Place    | Note
-------+----------+-------------------------------------------
     0 | D:1      | Mitsuki the Ghoul Monk began the quest for the Orb.
     0 | D:1      | Reached XP level 1. HP: 19/19 MP: 0/0
    64 | D:1      | Reached XP level 2. HP: 13/25 MP: 1/1
   621 | D:1      | Reached XP level 3. HP: 32/33 MP: 2/2
  1536 | D:2      | Noticed Jessica
  1548 | D:2      | Killed Jessica
  1548 | D:2      | Reached skill level 1 in Armour
  1548 | D:2      | Reached XP level 4. HP: 38/40 MP: 3/3
  1838 | D:3      | Noticed Xeas's ghost (amateur SpEn)
  2232 | D:3      | Killed Xeas's ghost
  2232 | D:3      | Reached XP level 5. HP: 34/47 MP: 4/4
  2991 | D:4      | Reached XP level 6. HP: 47/50 MP: 5/5
  3110 | D:4      | Found a shattered altar of Ashenzari.
  3682 | D:4      | Reached skill level 5 in Unarmed Combat
  3687 | D:4      | HP: 2/55 [gnoll/spear (13)]
  4067 | D:4      | Reached skill level 5 in Fighting
  4121 | D:4      | Reached XP level 7. HP: 57/61 MP: 6/6
  4379 | D:4      | Found a staircase to the Ecumenical Temple.
  4390 | Temple   | Entered the Ecumenical Temple
  4574 | Temple   | Became a worshipper of Ashenzari the Shackled
  4574 | Temple   | Reached * piety under Ashenzari
  4574 | Temple   | Reached ** piety under Ashenzari
  4713 | D:5      | Entered Level 5 of the Dungeon
  4740 | D:5      | Slain by an ogre

Vault maps used:
D:1:      dpeg_arrival_brainrot, serial_bayou_pond_b, minmay_tetromino_t4
D:2:      grunt_ministairs_9, palyth_stone_intersect, uniq_jessica
D:3:      serial_bayou, serial_bayou_pond_b, serial_bayou_ford_a,
          serial_bayou_pond_e, serial_bayou_pond_c
D:4:      temple_hall, first_bread, evilmike_ruin_ashenzari
D:5:      gammafunk_temple_overflow_wave, sigmund_edmund_badplayer
Temple:   dshaligram_water_room_temple

Skill      XL: |  1  2  3  4  5  6 |
---------------+-------------------+-----
Dodging        | 3 4 |  4.2
Unarmed Combat | 4 5 |  5.2
Fighting       | 4 5 |  5.1
Armour         | 1 2 |  2.8
Stealth        | |  2.1

Action                   |  1- 3 |  4- 6 |  7- 9 || total
-------------------------+-------+-------+-------++-------
Melee: Unarmed           |   104 |   249 |    23 ||   376
       Punch             |     1 |     5 |       ||     6
Invok: Curse Item        |       |       |     1 ||     1
  Eat: Chunk             |     2 |    16 |       ||    18
       Meat ration       |     1 |       |       ||     1
Armor: Robe              |     1 |       |       ||     1
       Scale mail        |    38 |    70 |       ||   108
       Chain mail        |       |    85 |     8 ||    93
Dodge: Dodged            |    53 |   130 |     5 ||   188

Table legend:
 A = Spawn XP
 B = Non-spawn XP
 C = Spawn XP percentage of total XP
 D = Spawn monster count
 E = Non-spawn monster count
 F = Spawn count percentage of total count
 G = Total turns spent on level
                    A         B        C        D         E        F      G
               +---------+---------+-------+---------+---------+-------+---------
         Total |       0 |     699 |   0.0 |       0 |      79 |   0.0 |  4740
               +---------+---------+-------+---------+---------+-------+---------
           D:1 |       0 |      42 |   0.0 |       0 |      22 |   0.0 |  1157
           D:2 |       0 |      77 |   0.0 |       0 |      13 |   0.0 |   812
           D:3 |       0 |     193 |   0.0 |       0 |      22 |   0.0 |  1011
           D:4 |       0 |     374 |   0.0 |       0 |      21 |   0.0 |  1528
           D:5 |       0 |      13 |   0.0 |       0 |       1 |   0.0 |    27
               +---------+---------+-------+---------+---------+-------+---------
